Map: Kairos Junction LE

Players

Sergio

  • Race: Zerg Zerg
  • League: Platinum
  • Spawn Location: 11:00

Odin - Winner!

  • Race: Protoss Protoss
  • League: Platinum
  • Spawn Location: 5:00

VOD

Have the link to the VOD?

Description

Time

  • Played on: Dec. 21, 2018, 9:49 a.m.
  • Length: 14:37
Show
View Real Time Build Order
Export as new Build Order

Sergio Zerg 

Build Orders: Pool First, Muta Ling Bane, Zergling Baneling 

Get SALT Encoding   

  12  0:03  Drone  
  13  0:12  Overlord  
  13  0:17  Drone  
  14  0:31  Drone  
  14  0:32  Drone  
  16  0:37  Extractor  
  16  0:38  Drone  
  16  0:48  Spawning Pool  
  15  0:52  Drone  
  16  1:06  Drone  
  17  1:21  Evolution Chamber  
  17  1:22  Drone x2  
  18  1:36  Queen, Zergling x2  
  21  1:47  Zergling x2  
  21  1:52  Metabolic Boost  
  22  2:01  Overlord  
  22  2:09  Overlord  
  22  2:27  Hatchery  
  21  2:30  Zergling x2  
  21  2:31  Zergling x2  
  23  2:38  Drone  
  23  2:43  Zerg Melee Weapons Level 1  
  24  2:47  Extractor  
  23  2:59  Drone x3  
  23  3:00  Drone  
  27  3:12  Baneling Nest, Drone  
  27  3:26  Zergling x2  
  28  3:38  Queen  
  28  3:40  Drone  
  31  3:42  Lair  
  31  3:50  Drone  
  31  3:53  Drone  
  33  4:01  Overlord  
  33  4:09  Drone  
  34  4:15  Drone  
  35  4:18  Baneling x2  
  35  4:19  Baneling x5  
  35  4:20  Baneling  
  35  4:27  Zergling x2  
  35  4:28  Zergling x4  
  35  4:29  Zergling x2  
  35  4:31  Zergling x2  
  39  4:56  Drone  
  39  4:57  Drone x3  
  39  5:07  Drone  
  39  5:08  Drone x4  
  44  5:14  Centrifical Hooks  
  44  5:16  Zerg Melee Weapons Level 2  
  44  5:21  Baneling  
  44  5:22  Baneling x2  
  44  5:30  Zergling x2  
  44  5:31  Zergling x6  
  48  5:39  Extractor  
  44  5:50  Drone x3  
  44  6:11  Burrow  
  44  6:12  Spore Crawler  
  44  6:14  Drone x2  
  44  6:18  Spire  
  44  6:21  Drone  
  44  6:22  Drone x3  
  48  6:31  Extractor  
  48  6:32  Drone  
  48  6:33  Drone x3  
  48  6:36  Hatchery  
  50  6:42  Zergling x4  
  50  6:43  Zergling x2  
  49  6:48  Spore Crawler  
  45  6:56  Drone  
  45  6:57  Drone x3  
  45  7:00  Baneling  
  45  7:01  Baneling x6  
  49  7:03  Baneling  
  49  7:16  Drone  
  49  7:17  Drone  
  51  7:23  Overlord x2  
  51  7:24  Overlord  
  51  7:40  Queen  
  53  7:47  Zerg Flyer Weapons Level 1  
  53  7:59  Drone x2  
  53  8:05  Mutalisk x5  
  59  8:07  Extractor  
  59  8:08  Extractor  
  63  8:14  Drone x3  
  63  8:15  Drone x2  
  68  8:20  Drone x2  
  68  8:25  Overseer  
  70  8:27  Pneumatized Carapace  
  71  8:34  Drone  
  71  8:47  Mutalisk x3  
  77  8:51  Drone  
  77  8:52  Drone x3  
  81  9:06  Overseer  
  81  9:08  Overlord x2  
  81  9:09  Overlord x2  
  77  9:26  Baneling x2  
  77  9:27  Baneling x2  
  77  9:28  Zergling x6  
  77  9:29  Zergling x10  
  77  9:30  Mutalisk x5  
  95  9:35  Overseer  
  95  9:45  Drone x3  
  98  9:57  Baneling x2  
  98  9:58  Baneling x2  
  98  10:03  Zerg Flyer Armor Level 1  
  91  10:15  Drone  
  91  10:16  Queen, Drone x4  
  98  10:24  Mutalisk  
  98  10:25  Mutalisk x4  
  108  10:53  Spire  
  108  10:56  Infestation Pit  
  106  11:06  Zergling x2  
  106  11:07  Mutalisk, Zergling x10  
  92  11:50  Corruptor  
  92  11:51  Corruptor x8  
  96  12:06  Zerg Flyer Weapons Level 2  
  86  12:32  Zergling x6  
  86  12:33  Corruptor  
  86  12:34  Corruptor x4  
  89  13:13  Corruptor x4  
  89  13:15  Zergling x2  
  89  13:16  Overlord x4  
  89  13:17  Overlord x2  
  98  13:29  Baneling x4  
  98  13:30  Baneling x5  
  98  13:31  Baneling x4  
  98  13:35  Zergling x4  
  98  13:36  Zergling x10  
  107  14:10  Drone x2  
  107  14:11  Drone  
Show
View Real Time Build Order
Export as new Build Order

Odin Protoss - Winner!

Build Orders:  

Get SALT Encoding   

  12  0:03  Probe  
  13  0:20  Pylon  
  13  0:21  Probe  
  14  0:30  Probe  
  15  0:38  Probe  
  16  0:49  Gateway  
  16  0:58  Gateway  
  16  1:10  Assimilator  
  16  1:20  Probe  
  17  1:26  Assimilator  
  17  1:28  Probe  
  17  1:31  Assimilator  
  18  1:37  Zealot  
  18  1:38  Probe  
  21  1:50  Cybernetics Core  
  21  2:03  Probe  
  22  2:12  Probe  
  22  2:15  Pylon  
  23  2:27  Warp Gate  
  23  2:29  Nexus  
  23  2:34  Probe  
  24  2:41  Adept  
  26  2:46  Sentry  
  26  2:47  Probe  
  29  3:02  Robotics Facility  
  29  3:16  Adept  
  31  3:23  Pylon  
  31  3:41  Probe x2  
  32  3:47  Stargate  
  33  3:52  Probe x2  
  33  3:53  Twilight Council  
  33  4:00  Adept x2  
  39  4:11  Assimilator  
  39  4:15  Probe  
  39  4:16  Probe  
  41  4:22  Immortal  
  45  4:29  Probe x2  
  47  4:36  Shield Battery  
  47  5:00  Oracle, Probe x2  
  45  5:10  Immortal  
  52  5:24  Probe  
  52  5:25  Probe  
  54  5:31  Assimilator  
  54  5:36  Resonating Glaives  
  54  5:40  Pylon  
  54  5:44  Probe x2, Pylon  
  52  5:54  Stalker  
  54  6:18  Phoenix  
  56  6:26  Probe  
  56  6:27  Probe  
  58  6:34  Probe  
  58  6:35  Probe  
  60  6:53  Probe  
  60  6:57  Probe  
  59  7:04  Gateway  
  59  7:05  Gateway  
  59  7:07  Forge  
  59  7:09  Forge  
  59  7:10  Phoenix  
  59  7:12  Stargate, Zealot x2  
  65  7:22  Gateway  
  65  7:24  Gateway  
  65  7:29  Warp Prism, Gateway  
  67  7:30  Gateway  
  67  7:32  Gateway  
  67  7:33  Gateway  
  67  7:34  Pylon  
  67  7:36  Pylon  
  67  7:42  Adept  
  69  7:55  Adept  
  71  8:04  Phoenix x2  
  75  8:26  Nexus  
  75  8:28  Pylon  
  75  8:29  Adept  
  75  8:30  Adept x4  
  85  8:47  Adept x2  
  85  8:48  Adept x2  
  93  9:00  Probe  
  94  9:03  Pylon  
  94  9:06  Photon Cannon  
  94  9:07  Photon Cannon  
  94  9:11  Photon Cannon  
  94  9:13  Probe x2, Shield Battery  
  88  9:25  Probe x2  
  88  9:29  Adept x6  
  102  9:37  Probe, Phoenix x2  
  107  9:44  Pylon  
  107  9:49  Templar Archives  
  107  10:02  Phoenix x2  
  109  10:18  Probe x2  
  109  10:19  Probe  
  112  10:26  Immortal  
  112  10:27  High Templar x2, Phoenix x2  
  124  10:30  Probe  
  125  10:44  Pylon  
  125  10:45  Pylon  
  125  11:02  Probe x2  
  127  11:04  Nexus  
  127  11:06  Assimilator  
  127  11:10  Assimilator  
  127  11:12  Assimilator  
  127  11:13  Assimilator, Pylon  
  127  11:15  Phoenix x2  
  127  11:16  Pylon  
  127  11:18  Stalker x5  
  136  11:40  Stalker x5  
  111  13:02  Void Ray  
  111  13:03  Void Ray  
  117  13:10  Stalker x2  
  117  13:11  Stalker x8  
  129  13:48  Nexus  
  129  13:50  Void Ray x2  
  129  13:51  Pylon  
  129  13:53  High Templar, Pylon  
  129  13:54  High Templar x2  
  129  13:55  Pylon  
  143  13:57  Archon  
  143  14:01  Zealot x2  
  143  14:02  Zealot  
  149  14:09  Pylon  
Tags
 
Add a new tag
Caveats
  • Supply blocks, unpowered buildings, or Contaminate may cause inaccurate times.
  • Supply counts are checked every 10 seconds.